 Dungeon Crawl Stone Soup version 0.17-a0-2024-gc284f19 (webtiles) character file.

3089 Ghalim the Fighter (level 10, 0/82 HPs)
             Began as a Human Conjurer on Oct 9, 2015.
             Was a Believer of Okawaru.
             Slain by an orc warrior
             ... wielding a +0 mace
              (18 damage)
             ... on level 7 of the Dungeon on Oct 10, 2015.
             The game lasted 00:37:56 (13083 turns).

Ghalim the Fighter (Human Conjurer)                Turns: 13083, Time: 00:37:56

Health: 0/82       AC:  6    Str: 12    XL:     10   Next: 13%
Magic:  5/13       EV: 12    Int: 15    God:    Okawaru [**....]
Gold:   264        SH:  0    Dex: 14    Spells: 2 memorised, 10 levels left

rFire  . . .     SeeInvis .     D - +1 morningstar (freeze) (curse)
rCold  . . .     Clarity  .     E - +0 robe {MR+}
rNeg   . . .     SustAt   .     (no shield)
rPois  +         Gourm    .     (no helmet)
rElec  .         Spirit   .     u - +2 cloak {rPois}
rCorr  .         Warding  .     p - +0 pair of gloves
rMut   .         Stasis   .     (no boots)
MR     +....                    (no amulet)
Stlth  ++........               (no ring)
                                (no ring)

@: somewhat resistant to hostile enchantments, unstealthy
A: no striking features
a: Heroism, Renounce Religion


You were on level 7 of the Dungeon.
You worshipped Okawaru.
Okawaru was pleased with you.
You were very hungry.

You visited 2 branches of the dungeon, and saw 9 of its levels.

You collected 264 gold pieces.

Inventory:

Hand Weapons
 d - a +1 hand axe of flaming
 e - a +0 mace
 D - a cursed +1 morningstar of freezing (weapon)
 I - a +0 flail of crushing
Armour
 a - a +0 robe
 f - a +0 cloak
 g - a +0 leather armour
 k - a +0 ring mail
 p - a +0 pair of gloves (worn)
 r - a +0 buckler
 u - a +2 cloak of poison resistance (worn)
 E - a +0 robe of magic resistance (worn)
 F - a +0 shield
Magical Staves
 G - an uncursed staff of fire {unknown}
Jewellery
 y - an uncursed amulet of resist mutation {unknown}
 C - a cursed ring of teleportation {unknown}
Wands
 s - a wand of draining (10)
 A - a wand of flame (0)
 H - a wand of fireball (9)
Scrolls
 h - 4 scrolls of remove curse
 j - 3 scrolls of teleportation
 n - 4 scrolls of identify
 q - 2 scrolls of enchant armour {unknown}
 t - a scroll of amnesia {unknown}
 w - a scroll of recharging {unknown}
 x - a scroll of torment {unknown}
 J - a scroll of random uselessness {unknown}
Potions
 l - 2 potions of curing
 m - a potion of cure mutation {unknown}
 v - a potion of brilliance {unknown}
 z - a potion of cancellation {unknown}
 B - a potion of lignification {unknown}
 L - a potion of mutation {unknown}
Books
 b - a book of Conjurations

   Spells                             Type                      Level
   a - Magic Dart                     Conjuration                  1
   b - Searing Ray                    Conjuration                  2
   c - Dazzling Spray                 Conjuration/Hexes            3
   d - Fulminant Prism                Conjuration/Hexes            4
   e - Iskenderun's Mystic Blast      Conjuration                  4
   f - Iskenderun's Battlesphere      Conjuration/Charms           5
Comestibles
 c - 6 bread rations
 o - 12 fruits
 M - a beef jerky
 N - 7 slices of pizza


   Skills:
 - Level 8.5 Fighting
 - Level 0.4(5.2) Axes
 - Level 8.5 Maces & Flails
 + Level 3.9 Armour
 - Level 2.0 Dodging
 - Level 2.0 Stealth
 + Level 3.9 Shields
 - Level 2.0 Spellcasting
 - Level 4.0 Conjurations


You had 10 spell levels left.
You knew the following spells:

 Your Spells              Type           Power        Failure   Level  Hunger
a - Magic Dart            Conj           ##..         4%          1    #......
b - Searing Ray           Conj           ##....       8%          2    ###....


Dungeon Overview and Level Annotations

Branches:
Dungeon (8/15)             Temple (1/1) D:5
   Lair: D:8-11

Altars:
Ashenzari
Cheibriados
Elyvilon
Fedhas
Gozag
Kikubaaqudgha
Makhleb
Nemelex Xobeh
Okawaru
Qazlal
Ru
Sif Muna
Trog
Vehumet
Xom
Yredelemnul
Zin
The Shining One

Shops:
D:7 *%

Annotations:
D:4 Haruko's ghost, amateur NaGl


Message History

Aim: an orc warrior, wielding a mace and wearing a chain mail (moderately wounded)
The searing ray hits the orc warrior.
The orc warrior is moderately wounded.
The orc warrior hits you with a mace.
The searing ray hits the orc warrior.
The orc warrior is moderately wounded.
The orc warrior hits you with a mace!
The searing ray hits the orc warrior.
The orc warrior is moderately wounded.
You closely miss the orc warrior.
The orc warrior is moderately wounded.
The orc warrior misses you.
You hit the orc warrior. You freeze the orc warrior.
The orc warrior is heavily wounded.
The orc warrior hits you with a mace!
* * * LOW HITPOINT WARNING * * *
You closely miss the orc warrior.
The orc warrior is heavily wounded.
The orc warrior hits you with a mace!!
You die...

#...#..# ###.#.##
#.#.# #.#.# #.#.#
#.#.# #.#.#
#####.#.### ###
(.....#..<# #@#
################o##
.)..)....)........#
###################
♣


You could see an orc warrior.

Vanquished Creatures
  A human (D:7)
  A yak (D:6)
  2 phantoms (D:5)
  An orc warrior (D:7)
  A sky beast (D:6)
  6 ogres
  2 ice beasts (D:7)
  A black bear (D:7)
  2 centaurs (D:7)
  A giant frog (D:7)
  2 scorpions (D:4)
  3 wights (D:6)
  3 crimson imps
  A jelly (D:6)
  A hound (D:4)
  Crazy Yiuf (D:4)
  A quasit (D:7)
  2 iguanas
  5 orc priests
  2 gnoll shamans (D:7)
  A giant frog skeleton (D:7)
  2 orc wizards
  3 sheep (D:7)
  7 worker ants
  A hound skeleton (D:4)
  4 adders
  11 gnolls
  3 shadow imps
  An ooze (D:1)
  An adder skeleton (D:3)
  2 worms
  8 giant geckos
  19 orcs
  4 ball pythons
  10 bats
  3 giant cockroaches
  9 hobgoblins
  14 jackals
  13 kobolds
  A giant gecko zombie (D:7)
  9 giant newts
  8 goblins
  4 goblin skeletons (D:7)
  6 goblin zombies (D:7)
  A kobold skeleton (D:7)
  2 kobold zombies (D:7)
  2 orc skeletons (D:7)
  An orc zombie (D:7)
  3 quokkas
  14 rats
206 creatures vanquished.

Vanquished Creatures (others)
  A black bear (D:7)
  A giant frog zombie (D:7)
  An orc priest (D:7)
  A hound (D:4)
  An orc wizard (D:7)
  A worker ant (D:4)
  An adder (D:4)
  An adder zombie (D:7)
  A worm (D:4)
  7 orcs (D:7)
  6 fungi (D:7)
  5 plants (D:7)
27 creatures vanquished.

Grand Total: 233 creatures vanquished

Notes
Turn   | Place    | Note
--------------------------------------------------------------
     0 | D:1      | Ghalim the Human Conjurer began the quest for the Orb.
     0 | D:1      | Reached XP level 1. HP: 13/13 MP: 3/3
   180 | D:1      | Reached skill level 1 in Fighting
   233 | D:1      | Reached XP level 2. HP: 21/21 MP: 0/5
   415 | D:1      | Reached skill level 1 in Maces & Flails
   444 | D:1      | Reached XP level 3. HP: 4/27 MP: 1/6
  1464 | D:1      | Reached XP level 4. HP: 33/33 MP: 1/7
  3438 | D:2      | Reached XP level 5. HP: 18/39 MP: 2/8
  4212 | D:3      | Found a white marble altar of Elyvilon.
  4212 | D:3      | Found a shattered altar of Ashenzari.
  4301 | D:3      | Found a faded altar to an unknown god.
  4502 | D:4      | Noticed Haruko's ghost (amateur NaGl)
  4594 | D:4      | Learned a level 2 spell: Searing Ray
  4734 | D:4      | Reached XP level 6. HP: 30/48 MP: 2/9
  4956 | D:4      | Found a shimmering altar of Xom.
  5513 | D:4      | Reached XP level 7. HP: 55/55 MP: 5/10
  5887 | D:4      | Noticed Crazy Yiuf
  5892 | D:4      | Killed Crazy Yiuf
  6093 | D:5      | Entered Level 5 of the Dungeon
  6116 | D:5      | Found a staircase to the Ecumenical Temple.
  6124 | Temple   | Entered the Ecumenical Temple
  6191 | Temple   | Became a worshipper of Warmaster Okawaru
  6593 | D:5      | Found a sparkling altar of Nemelex Xobeh.
  6593 | D:5      | Found an opulent altar of Gozag.
  6718 | D:5      | Reached skill level 5 in Fighting
  6718 | D:5      | Reached skill level 5 in Maces & Flails
  7529 | D:4      | Reached XP level 8. HP: 59/64 MP: 9/11
  8078 | D:5      | Reached skill level 6 in Fighting
  8364 | D:5      | Found a burning altar of Makhleb.
  8365 | D:5      | Found a radiant altar of Vehumet.
  8485 | D:6      | Acquired Okawaru's first power
  9243 | D:6      | Reached skill level 7 in Fighting
  9453 | D:6      | Reached XP level 9. HP: 60/72 MP: 10/12
  9491 | D:6      | Noticed a moth of wrath
  9509 | D:6      | Found a bloodstained altar of Trog.
  9830 | D:7      | Found Pys Yrph's Food Emporium.
 10388 | D:7      | Reached skill level 8 in Fighting
 10730 | D:7      | Found Cukosu's Assorted Antiques.
 11259 | D:7      | Found a glowing golden altar of the Shining One.
 11377 | D:7      | Reached skill level 1 in Armour
 11377 | D:7      | Reached skill level 1 in Shields
 12329 | D:7      | Reached XP level 10. HP: 66/82 MP: 13/13
 13083 | D:7      | Slain by an orc warrior

Vault maps used:
D:1:      dpeg_arrival_court, nrook_mini_backslash
D:2:      first_bread
D:3:      gammafunk_temple_overflow_statue, ecumenical_altar_1
D:4:      xom_confusion_cloud, uniq_crazy_yiuf_cottage
D:5:      grunt_temple_overflow_opulence,
          grunt_temple_overflow_lords_of_destruction
D:6:      tgw_trog, minmay_misc_feat_diagonals
D:7:      kennysheep_seaside_town, nicolae_tso_besieged_by_evil, serial_shops,
          nicolae_shop_statue_plus, nicolae_shop_overgrown_old_shop,
          grunt_livestock, lemuel_flamethrower_2
D:8:      nicolae_dithmenos_through_a_glass_darkly, kennysheep_little_box,
          special_room, kennysheep_generic_room_16
Temple:   jpeg_temple_clearing_9

Action                   |  1- 3 |  4- 6 |  7- 9 | 10-12 || total
-------------------------+-------+-------+-------+-------++-------
Melee: Hand axe          |     3 |       |       |       ||     3
       Mace              |    46 |    87 |   189 |       ||   322
       Morningstar       |       |       |   136 |    25 ||   161
 Cast: Magic Dart        |    62 |   158 |    92 |    12 ||   324
       Searing Ray       |       |     4 |    35 |     6 ||    45
  Use: Scroll            |       |       |     4 |       ||     4
       Potion            |       |       |     2 |       ||     2
 Stab: Sleeping          |       |       |     1 |       ||     1
  Eat: Chunk             |     3 |    11 |    15 |     1 ||    30
       Meat ration       |       |     1 |       |       ||     1
       Bread ration      |       |       |     2 |       ||     2
       Pizza             |       |       |     1 |       ||     1
       Beef jerky        |       |       |       |     1 ||     1
